 Dungeon Crawl Stone Soup version 0.20-a0-647-gf178af5 (webtiles) character file.

3303 Messajah the Archer (level 9, 0/71 HPs)
             Began as a Centaur Hunter on Feb 14, 2017.
             Was an Elder of Okawaru.
             Slain by a wolf (5 damage)
             ... led by Grum
             ... on level 7 of the Dungeon on Feb 16, 2017.
             The game lasted 00:43:53 (11672 turns).

Messajah the Archer (Centaur Hunter)               Turns: 11672, Time: 00:43:54

Health: 0/71       AC: 11    Str: 18    XL:     9   Next: 70%
Magic:  9/9        EV:  5    Int: 10    God:    Okawaru [****..]
Gold:   435        SH:  0    Dex: 10    Spells: 8/8 levels left

rFire    . . .     SeeInvis .   a - +1 shortbow
rCold    . . .     Gourm    +   l - +0 chain mail
rNeg     . . .     Faith    .   (shield currently unavailable)
rPois    +         Spirit   .   o - +0 helmet
rElec    .         Reflect  .   (no cloak)
rCorr    .         Harm     .   H - +0 pair of gloves
MR       .....                  (no barding)
Stlth    ..........             j - amulet of the gourmand
Regen    0.3/turn               A - ring of poison resistance
MPRegen  0.2/turn               e - ring of stealth

@: very quick
A: hooves 3, deformed body, speed 2, tough skin 3
a: Heroism, Renounce Religion


You were on level 7 of the Dungeon.
You worshipped Okawaru.
Okawaru was greatly pleased with you.
You were very full.

You visited 1 branch of the dungeon, and saw 8 of its levels.

You collected 435 gold pieces.

Inventory:

Hand Weapons
 a - a +1 shortbow (weapon)
 b - a +2 short sword of holy wrath
 x - a +1 dagger of protection
 E - a +0 battleaxe
 G - a +3 glaive
 U - a +0 giant club
 W - a +0 shortbow of freezing
Missiles
 d - 72 arrows (quivered)
 i - 59 sling bullets
 t - 119 stones
 u - 29 poisoned needles
 F - 5 curare-tipped needles
 Z - a throwing net
Armour
 l - a +0 chain mail (worn)
 o - a +0 helmet (worn)
 q - a +0 shield
 H - a +0 pair of gloves (worn)
 I - a +0 buckler
 P - a +0 ring mail of cold resistance
Magical Staves
 C - an uncursed staff of cold {unknown}
Jewellery
 e - a ring of stealth (left hand)
 j - an amulet of the gourmand (around neck)
 A - a ring of poison resistance (right hand)
 K - an uncursed ring of fire
Wands
 V - a wand of flame (39/48)
Scrolls
 c - 4 scrolls of identify
 h - a scroll of fog {unknown}
 n - 2 scrolls of immolation {unknown}
 r - 3 scrolls of magic mapping {unknown}
 w - a scroll of amnesia {unknown}
 y - 3 scrolls of remove curse {unknown}
 z - a scroll of noise {unknown}
 M - a scroll of fear {unknown}
 O - 2 scrolls of teleportation {unknown}
 R - a scroll of enchant weapon {unknown}
 S - a scroll of blinking {unknown}
Potions
 g - 3 potions of agility
 k - 2 potions of flight
 v - 2 potions of mutation {unknown}
 B - 3 potions of curing {unknown}
 D - 2 potions of might {unknown}
 J - a potion of degeneration {unknown}
 L - a potion of invisibility {unknown}
 N - a potion of heal wounds {unknown}
 T - a potion of haste {unknown}
 X - a potion of ambrosia {unknown}
Comestibles
 f - 8 bread rations
 m - 2 royal jellies
 p - 8 fruits
 Q - 4 meat rations
 Y - 3 chunks of flesh


   Skills:
 + Level 4.0 Fighting
 - Level 14.8 Bows
 - Level 5.0 Armour
 - Level 1.6 Dodging
 - Level 0.6 Stealth


You had 8 spell levels left.
You didn't know any spells.

Dungeon Overview and Level Annotations

Branches:
Dungeon (8/15)             Temple (0/1) D:6
   Lair: D:8-11

Altars:
Fedhas
Gozag
Hepliaklqana
Kikubaaqudgha
Okawaru
Qazlal
Sif Muna
Trog
Uskayaw
Xom
The Shining One

Shops:
D:8 *[

Annotations:
D:8 Prince Ribbit


Innate Abilities, Weirdness & Mutations

You have hooves in place of feet.
Armour fits poorly on your strangely shaped body.
You cover ground very quickly.
You have extremely tough skin. (AC +3)


Message History

You climb upwards.
There is a stone staircase leading down, spattered with blood here.
Unknown command.
The wolf bites you.
* * * LOW HITPOINT WARNING * * *
Firing (i - inventory. (,) - cycle):
d - 74 arrows (quivered)
Press: ? - help, Shift-Dir - straight line, f - wolf
Aim: a wolf (lightly wounded)
You shoot an arrow. The arrow hits the wolf.
The wolf is moderately wounded.
The wolf bites you.
* * * LOW HITPOINT WARNING * * *
Firing (i - inventory. (,) - cycle):
d - 73 arrows (quivered)
Press: ? - help, Shift-Dir - straight line, f/p - wolf
Aim: a wolf (moderately wounded)
You shoot an arrow. The arrow closely misses the wolf.
The wolf bites you but does no damage.
Okay, then.
The wolf bites you.
You die...

#...##'###.#
#.#.##.# #.#
#.#..#'###.#
#........#.#
#........#.# #####
#........#.# #...#
###......#.###.#.#
#.......#.#...#.#
#.....@.#.#.###.#
#....h###.#.# #.#
#...(>###.#.# #.#
#....#.)...[# #.#
#....#.##.#####.#
#(...#.##.......#
#....#.##########
#....#.# ######
### ######.#
#....#


You could see a wolf.

Vanquished Creatures
  A hungry ghost (D:7)
  Duvessa (D:7)
  2 sky beasts
  An orc warrior (D:7)
  4 phantoms
  5 ogres
  A wolf (D:8)
  2 centaurs (D:7)
  A crocodile (D:7)
  2 bullfrogs
  A water moccasin zombie (D:7)
  Dowan (D:7)
  4 killer bees
  3 howler monkeys
  3 crimson imps
  4 hounds
  A quasit (D:7)
  2 centaur skeletons (D:4)
  A gnoll shaman (D:6)
  4 orc priests
  2 bullfrog skeletons
  6 orc wizards
  Jessica (D:2)
  8 worker ants
  A hound skeleton (D:5)
  5 gnolls
  8 adders
  3 shadow imps
  An adder skeleton (D:8)
  2 worms (D:4)
  A dart slug (D:2)
  5 leopard geckos
  28 orcs
  3 ball pythons
  4 bats
  5 giant cockroaches
  10 goblins
  3 hobgoblins
  13 jackals
  3 quokkas
  5 frilled lizards
  A jackal skeleton (D:5)
  5 kobolds (D:1)
  A quokka skeleton (D:7)
  4 rats
172 creatures vanquished.

Notes
Turn   | Place    | Note
-------+----------+-------------------------------------------
     0 | D:1      | Messajah the Centaur Hunter began the quest for the Orb.
     0 | D:1      | Reached XP level 1. HP: 17/17 MP: 1/1
     3 | D:1      | Upgraded the game from 0.20-a0-642-g4ff03ff to 0.20-a0-647-gf178af5
   209 | D:1      | Reached XP level 2. HP: 17/24 MP: 2/2
   526 | D:1      | You fall through a shaft!
   526 | D:2      | Noticed Jessica
   531 | D:2      | Killed Jessica
   531 | D:2      | Reached skill level 6 in Bows
   531 | D:2      | Reached XP level 3. HP: 29/29 MP: 3/3
  1551 | D:2      | Found an iron altar of Okawaru.
  1557 | D:2      | Became a worshipper of Warmaster Okawaru
  1978 | D:3      | Reached XP level 4. HP: 34/36 MP: 4/4
  2169 | D:3      | Reached skill level 7 in Bows
  3800 | D:4      | Reached skill level 8 in Bows
  3800 | D:4      | Reached XP level 5. HP: 37/41 MP: 5/5
  4293 | D:4      | Noticed an ogre
  4300 | D:4      | Killed an ogre
  4300 | D:4      | Reached skill level 9 in Bows
  4300 | D:4      | Reached XP level 6. HP: 46/48 MP: 6/6
  4372 | D:4      | Found a bloodstained altar of Trog.
  4442 | D:4      | Reached * piety under Okawaru
  4726 | D:4      | Reached skill level 10 in Bows
  5003 | D:4      | Found a faded altar of an unknown god.
  5003 | D:4      | Found a faded altar of an unknown god.
  5008 | D:4      | Found a stormy altar of Qazlal.
  5010 | D:4      | Found a glowing golden altar of the Shining One.
  5011 | D:4      | Found a hide-covered altar of Uskayaw.
  5151 | D:5      | Entered Level 5 of the Dungeon
  5394 | D:5      | Reached XP level 7. HP: 40/55 MP: 7/7
  5736 | D:5      | Reached skill level 11 in Bows
  6869 | D:5      | Reached skill level 12 in Bows
  6934 | D:6      | Reached ** piety under Okawaru
  7298 | D:6      | Reached XP level 8. HP: 54/61 MP: 8/8
  7513 | D:6      | Found a staircase to the Ecumenical Temple.
  7520 | D:6      | Found a hazy altar of Hepliaklqana.
  8033 | D:5      | Reached skill level 13 in Bows
  8221 | D:7      | Noticed Duvessa
  8221 | D:7      | Noticed Dowan
  8292 | D:7      | Killed Dowan
  8364 | D:7      | Killed Duvessa
  8390 | D:7      | Reached skill level 14 in Bows
  8570 | D:7      | Reached skill level 1 in Armour
  8696 | D:7      | Reached *** piety under Okawaru
  8696 | D:7      | Reached XP level 9. HP: 31/67 MP: 9/9
  8925 | D:7      | Found an opulent altar of Gozag.
  9318 | D:7      | Found an ancient bone altar of Kikubaaqudgha.
  9318 | D:7      | Found a deep blue altar of Sif Muna.
  9319 | D:7      | Found a blossoming altar of Fedhas.
  9362 | D:7      | Found a shimmering altar of Xom.
  9954 | D:8      | Found Affa's Changing Room.
 10835 | D:8      | Found Dounkerr's Antique Armour Shoppe.
 11096 | D:8      | Reached skill level 5 in Armour
 11404 | D:8      | Noticed Prince Ribbit
 11548 | D:8      | Reached **** piety under Okawaru
 11672 | D:7      | Slain by a wolf

Vault maps used:
D:1:      dpeg_arrival_water_fire
D:2:      old_standard_altar, uniq_jessica
D:3:      wad_lake_hut, first_bread
D:4:      bloody_trog, chequers_temple_overflow_minitemple
D:5:      kb_forest_paths, hangedman_decor_growths
D:6:      lemuel_crystal_altar, minmay_temple_entry_trees
D:7:      minmay_klotski, kennysheep_mini_moat, nicolae_overflow_crystal_walls,
          gammafunk_temple_overflow_claw, grunt_ogre_cave,
          kennysheep_generic_room_16, uniq_duvessa, uniq_menkaure
D:8:      kennysheep_mini, serial_shops, shop, nicolae_transmutations_shop,
          uniq_prince_ribbit1, uniq_grum

Skill      XL: |  1  2  3  4  5  6  7  8  9 |
---------------+----------------------------+-----
Bows           | 6 8 9 10 12 14 | 14.8
Armour         | 1 5 |  5.0
Fighting       | 4 |  4.0
Dodging        | |  1.6
Stealth        | |  0.6

Action                   |  1- 3 |  4- 6 |  7- 9 || total
-------------------------+-------+-------+-------++-------
Melee: Short sword       |   100 |   168 |   353 ||   621
       Kick              |    11 |    46 |    84 ||   141
 Fire: Shortbow          |       |    40 |   326 ||   366
Throw: Stone             |       |       |     5 ||     5
Invok: Heroism           |       |       |     1 ||     1
  Use: Scroll            |       |     2 |       ||     2
       Potion            |       |     1 |       ||     1
  Eat: Chunk             |    18 |     9 |    27 ||    54
Armor: Leather armour    |     5 |       |       ||     5
       Chain mail        |    59 |   119 |   317 ||   495
Dodge: Dodged            |    21 |    37 |   120 ||   178
